 Dungeon Crawl Stone Soup version 0.25-a0-105-g2289b3b9f1 (webtiles) character file.

Game seed: 8598512723920549197, levelgen mode: deterministic

226753 MrRokkomies the Bewitcher (level 18, -1/93 HPs)
             Began as a Spriggan Enchanter on Nov 15, 2019.
             Was a Priest of Sif Muna.
             Slain by a saltling (13 damage)
             ... in the Desolation of Salt on Nov 16, 2019.
             The game lasted 03:54:15 (40027 turns).

MrRokkomies the Bewitcher (Spriggan Enchanter)     Turns: 40027, Time: 03:54:18

Health: -1/93      AC: 11    Str:  7    XL:     18   Next: 22%
Magic:  21/33      EV: 34    Int: 29    God:    Sif Muna [***...]
Gold:   1693       SH: 16    Dex: 16    Spells: 1/37 levels left

rFire    . . .     SeeInvis +   a - +4 rapier (elec)
rCold    + + +     Gourm    .   J - +1 buckler {rC+}
rNeg     . . .     Faith    .   Z - +3 troll leather armour {Snorg}
rPois    .         Spirit   .   G - +1 hat {Int+3}
rElec    +         Reflect  +   U - +2 cloak
rCorr    .         Harm     .   (gloves unavailable)
MR       ++...                  (boots unavailable)
Stlth    +++++.....             S - brooch of Shielding {Reflect SH+8}
HPRegen  0.65/turn              I - ring of Riq Lyg {*Drain rElec rC++ MR- Int+4}
MPRegen  0.23/turn              s - ring of Phasing {EV+8}

@: confusing touch, very slightly contaminated, invisible, very quick
A: very small, unfitting armour, see invisible, herbivore, speed 3, slow
metabolism 2
}: 2/15 runes: decaying, gossamer
a: Channel Magic, Forget Spell, Renounce Religion


You were in the Desolation of Salt.
You worshipped Sif Muna.
Sif Muna was most pleased with you.
You were not hungry.

You visited 6 branches of the dungeon, and saw 32 of its levels.
You also visited: Sewer, Bailey, Gauntlet, Ice Cave and Desolation.

You collected 3997 gold pieces.
You spent 2304 gold pieces at shops.

Inventory:

Hand Weapons
 a - a +4 rapier of electrocution (weapon)
 b - a +2 hunting sling of velocity
 u - the +5 dagger of the Imperium {freeze, rF+ rN+}
   (You found it on level 6 of the Dungeon)

   It has been specially enchanted to freeze those struck by it, causing extra
   injury to most foes and up to half again as much damage against particularly
   susceptible opponents.
   It can also slow down cold-blooded creatures.
   It protects you from fire.
   It protects you from negative energy.
 D - a +9 quick blade
Missiles
 h - 33 poisoned darts (quivered)
 j - 820 stones
 l - 270 sling bullets
 K - 12 curare-tipped darts
 Y - 6 throwing nets
Armour
 G - a +1 hat of intelligence (worn)
 J - a +1 buckler of cold resistance (worn)
 U - a +2 cloak (worn)
 Z - a +3 troll leather armour (worn) {Snorg}
Magical Staves
 n - an uncursed staff of conjuration
Jewellery
 k - the ring of Ephemeral Luck {Ice rElec MR+ Str+3 Int-2}
   (You found it in a Gauntlet)

   [ring of ice]

   It enhances your ice magic.
   It affects your strength (+3).
   It affects your intelligence (-2).
   It makes you vulnerable to fire.
   It protects you from cold.
   It insulates you from electricity.
   It affects your resistance to hostile enchantments.
 s - the ring of Phasing (right hand) {EV+8}
   (You found it in a Gauntlet)

   [ring of evasion]

   It affects your evasion (+8).
 x - a cursed +4 ring of slaying
 I - the ring of Riq Lyg (left hand) {*Drain rElec rC++ MR- Int+4}
   (You found it in a bailey)

   [ring of intelligence]

   It affects your intelligence (+4).
   It greatly protects you from cold.
   It insulates you from electricity.
   It affects your resistance to hostile enchantments.
   It causes draining when unequipped.
 N - an uncursed ring of protection from magic
 S - the brooch of Shielding (around neck) {Reflect SH+8}
   (You found it in a Gauntlet)

   [amulet of reflection]

   It shields you and reflects attacks.
   It affects your SH (+8).
Wands
 o - a wand of scattershot (7)
 v - a wand of disintegration (51)
 y - a wand of digging (11)
 O - a wand of paralysis (21)
 Q - a wand of iceblast (32)
 X - a wand of acid (9)
Scrolls
 e - 17 scrolls of remove curse
 q - a scroll of silence
 t - 10 scrolls of magic mapping
 B - 4 scrolls of immolation
 H - 8 scrolls of identify
 L - 3 scrolls of enchant armour
 V - 4 scrolls of teleportation
 W - 2 scrolls of enchant weapon
Potions
 c - 5 potions of curing
 f - a potion of resistance
 g - 6 potions of brilliance
 i - 3 potions of might
 m - a potion of invisibility
 p - 2 potions of berserk rage
 r - 4 potions of haste
 w - 2 potions of flight
 z - 4 potions of lignification
 A - a potion of magic
 C - 2 potions of cancellation
 E - 2 potions of agility
 P - 9 potions of ambrosia
Miscellaneous
 F - a lamp of fire
 T - a lightning rod (4/4)
Comestibles
 d - 13 rations


   Skills:
 - Level 10.0 Fighting
 - Level 10.0 Short Blades
 - Level 11.0 Slings
 - Level 12.7 Dodging
 - Level 13.5 Stealth
 + Level 3.5 Shields
 - Level 10.1 Spellcasting
 * Level 19.7 Hexes
 - Level 7.3 Summonings
 * Level 7.0 Necromancy
 - Level 7.0 Transmutations
 - Level 5.0 Poison Magic
 - Level 12.0 Invocations


You had one spell level left.
You knew the following spells:

 Your Spells              Type           Power        Failure   Level  Hunger
a - Confusing Touch       Hex            ######       0%          1    None
b - Ensorcelled Hibernat  Hex/Ice        ######       1%          2    None
c - Confuse               Hex            #######.     0%          3    None
d - Tukima's Dance        Hex            #######.     0%          3    None
e - Invisibility          Hex            #######.     1%          6    #####..
f - Alistair's Intoxicat  Tmut/Pois      #####...     17%         5    ###....
g - Discord               Hex            #######...   14%         8    #######
h - Blink                 Tloc           N/A          11%         2    None
i - Summon Butterflies    Summ           ######..     1%          1    None
j - Borgnjor's Vile Clut  Necr/Erth      #####.....   43%         5    ###....

Your spell library contained the following spells:

 Spells                   Type           Power        Failure   Level  Hunger
 Corona                   Hex            #######      0%          1    None
 Animate Skeleton         Necr           N/A          1%          1    None
 Pain                     Necr           ####         1%          1    None
 Summon Small Mammal      Summ           ####         1%          1    None
 Sting                    Conj/Pois      ####         2%          1    None
 Apportation              Tloc           ##....       7%          1    None
 Flame Tongue             Conj/Fire      ##...        7%          1    None
 Freeze                   Ice            ##..         7%          1    None
 Infusion                 Chrm           ##..         7%          1    None
 Magic Dart               Conj           ##..         7%          1    None
 Shock                    Conj/Air       ##..         7%          1    None
 Slow                     Hex            #######.     0%          2    None
 Call Imp                 Summ           ######..     1%          2    None
 Corpse Rot               Necr           N/A          1%          2    None
 Sublimation of Blood     Necr           ######....   1%          2    None
 Dazzling Spray           Conj/Hex       ######       1%          3    None
 Inner Flame              Hex/Fire       ######..     1%          3    None
 Spectral Weapon          Hex/Chrm       ######..     1%          3    None
 Spider Form              Tmut/Pois      #####.....   1%          3    None
 Summon Guardian Golem    Hex/Summ       #######.     1%          3    None
 Cause Fear               Hex            #######...   1%          4    None
 Fulminant Prism          Conj/Hex       ######....   1%          4    None
 Leda's Liquefaction      Hex/Erth       ######....   1%          4    None
 Yara's Violent Unravell  Hex/Tmut       #######...   1%          5    ###....
 Darkness                 Hex            #######...   1%          6    #####..
 Passwall                 Tmut/Erth      #####...     2%          2    None
 Poisonous Vapours        Pois/Air       ####..       3%          2    None
 Animate Dead             Necr           N/A          3%          4    None
 Metabolic Englaciation   Hex/Ice        ######....   3%          5    ###....
 Silence                  Hex/Air        ######....   3%          5    ###....
 Ignite Poison            Fire/Tmut/Pois #####...     4%          3    None
 Recall                   Summ/Tloc      N/A          4%          3    None
 Regeneration             Chrm/Necr      #####.....   4%          3    None
 Summon Demon             Summ           ######....   10%         5    ###....
 Searing Ray              Conj           ##....       11%         2    None
 Shroud of Golubria       Chrm/Tloc      ##....       11%         2    None
 Song of Slaying          Chrm           ##......     11%         2    None
 Swiftness                Chrm/Air       ##......     11%         2    None
 Throw Flame              Conj/Fire      ##....       11%         2    None
 Throw Frost              Conj/Ice       ##....       11%         2    None
 Mephitic Cloud           Conj/Pois/Air  ###.....     11%         3    None
 Agony                    Necr           ######..     11%         5    ###....
 Blade Hands              Tmut           ######....   11%         5    ###....
 Summon Ice Beast         Ice/Summ       #####...     16%         4    None
 Ice Form                 Ice/Tmut       #####...     17%         4    None
 Petrify                  Tmut/Erth      #####...     17%         4    None
 Conjure Flame            Conj/Fire      ##......     22%         3    None
 Lesser Beckoning         Tloc           ##........   22%         3    None
 Ozocubu's Armour         Chrm/Ice       ##......     22%         3    None
 Irradiate                Conj/Tmut      #####.....   43%         5    ###....
 Hydra Form               Tmut           ######....   52%         6    #####..
 Airstrike                Air            ##........   56%         4    None
 Force Lance              Conj/Tloc      ##......     56%         4    None
 Iskenderun's Mystic Bla  Conj           ##......     56%         4    None
 Passage of Golubria      Tloc           N/A          56%         4    None
 Sticky Flame             Conj/Fire      ##......     56%         4    None
 Throw Icicle             Conj/Ice       ##......     56%         4    None
 Venom Bolt               Conj/Pois      ####......   56%         5    ###....
 Bolt of Magma            Conj/Fire/Erth ##........   89%         5    ###....
 Fireball                 Conj/Fire      ##........   89%         5    ###....
 Iskenderun's Battlesphe  Conj/Chrm      ##......     89%         5    ###....
 Lee's Rapid Deconstruct  Erth           ##........   89%         5    ###....
 Lightning Bolt           Conj/Air       ##........   89%         5    ###....
 Simulacrum               Ice/Necr       #####.....   95%         6    #####..
 Statue Form              Tmut/Erth      #####....    95%         6    #####..
 Haunt                    Necr/Summ      ######....   97%         7    ######.
 Dragon Form              Tmut           ######....   98%         7    ######.
 Bolt of Cold             Conj/Ice       ##........   100%        6    #####..
 Bolt of Fire             Conj/Fire      ##........   100%        6    #####..
 Conjure Ball Lightning   Conj/Air       ##........   100%        6    #####..
 Deflect Missiles         Chrm/Air       ##........   100%        6    #####..
 Dispersal                Tloc           ##........   100%        6    #####..
 Freezing Cloud           Conj/Ice/Air   ##........   100%        6    #####..
 Ozocubu's Refrigeration  Ice            ##........   100%        6    #####..
 Ring of Flames           Chrm/Fire      ##........   100%        7    ######.
 Borgnjor's Revivificati  Necr           ######....   100%        8    #######
 Death's Door             Chrm/Necr      #####.....   100%        8    #######
 Lehudib's Crystal Spear  Conj/Erth      ##........   100%        8    #######
 Necromutation            Tmut/Necr      ######....   100%        8    #######
 Summon Horrible Things   Summ           ######....   100%        8    #######
 Glaciate                 Conj/Ice       ##........   100%        9    #######


Dungeon Overview and Level Annotations

Branches:
Dungeon (15/15)            Temple (0/1) D:6            Lair (6/6) D:11
  Swamp (4/4) Lair:2       Spider (4/4) Lair:2        Slime (0/5) Lair:6
    Orc (2/2) D:12            Elf (0/3) Orc:2        Vaults (1/5) D:13
 Depths (0/5) D:15          Sewer (visited)          Bailey (visited)
  IceCv (visited)         Desolation (1/1)          Gauntlet (visited)

Altars:
Ashenzari
Fedhas
Gozag
Hepliaklqana
Nemelex Xobeh
Qazlal
Sif Muna
Trog
Jiyva

Shops:
D:10 :   D:11 *   D:12 *   Orc:2 :*[(?

Annotations:
D:12 2 transporters, Baesupag's ghost, journeyman DrCj
D:15 3 runed translucent doors, Kafito's ghost, journeyman GrEE
Lair:4 2 transporters, iamserjio's ghost, journeyman OpIE


Innate Abilities, Weirdness & Mutations

You are very small and have problems with some larger weapons.
You are too small for most types of armour.
You have supernaturally acute eyesight. (SInv)
You are a herbivore.
You cover ground extremely quickly.
You need to consume almost no food.


Message History

You block the peacekeeper's attack. x2; The saltling completely misses you.
You hit the peacekeeper but do no damage.
The peacekeeper is moderately damaged.
You block the saltling's attack.
The peacekeeper completely misses you. x2
You hit the peacekeeper.
The peacekeeper is heavily damaged.
The peacekeeper seems less confused.
You block the peacekeeper's attack. The peacekeeper misses you.
You hit the peacekeeper.
The peacekeeper is heavily damaged.
You block the peacekeeper's attack. The peacekeeper misses you.
You block the saltling's attack.
Casting: Confusing Touch (safe; 0% risk of failure)
Confirm with . or Enter, or press ? or * to list all spells.
Your hands begin to glow red.
You block the peacekeeper's attack. The peacekeeper claws you.
* * * LOW HITPOINT WARNING * * *
The saltling hits you!
You die...

####........§
####......§.§§§.
####......§.§§§§
####......§§.§§..
####.........§§§.
####..8......§§§..
####..........§§.§
####...@..........
####..8.8........§
####.....8........
####...8.......8.§
####.............§
####.....8...§§§§.
####.......§§.§§§§
####.......§8.§.§
###.......§§§§§§


You could see a peacekeeper and 5 saltlings.

Vanquished Creatures
  Nikola (Swamp:3)
  Arachne (Spider:2)
  Frances (D:12)
  Gastronok (D:10)
  A thorn hunter (Swamp:4)
  5 ghost moths
  Louise (Swamp:3)
  Aizul (Swamp:3)
  4 emperor scorpions
  2 very ugly things
  Nessos (D:13)
  A minotaur (Gauntlet)
  A dire elephant (D:15)
  Snorg (Lair:3)
  A yaktaur captain (D:13)
  22 hydras
  Erolcha (D:9)
  A merfolk avatar (Lair:6)
  A peacekeeper (Desolation)
  3 ghost crabs
  Harold (Lair:1)
  A centaur warrior (D:14)
  Erica (D:9)
  5 two-headed ogres
  8 alligators
  A tengu warrior (D:15)
  Nergalle (D:12)
  Sonja (Lair:2)
  6 skeletal warriors
  6 spriggan druids
  A wizard (D:13)
  An unseen horror (D:12)
  2 deep trolls (Orc:2)
  3 lindwurms (Swamp:4)
  10 swamp dragons
  Pikel (D:9)
  A harpy (Lair:6)
  15 orb spiders
  A wolf spider zombie (D:12)
  2 orc knights
  3 ugly things
  3 manticores
  31 wolf spiders
  2 deep elf magi (D:13)
  A shining eye (Gauntlet)
  8 black mambas
  5 cyclopes
  A salamander (D:15)
  2 moths of wrath
  2 guardian serpents (Desolation)
  Joseph (D:9)
  4 torpor snails
  13 elephants (Lair:6)
  Maurice (D:9)
  3 ice statues (IceCv)
  A molten gargoyle (Desolation)
  5 centaur skeletons
  2 rime drakes
  26 spiny frogs
  A yaktaur (D:15)
  2 kobold demonologists (D:11)
  14 komodo dragons
  5 demonic crawlers
  14 trolls
  23 jumping spiders
  A tengu conjurer (D:13)
  8 tyrant leeches
  18 hornets
  Prince Ribbit (D:9)
  3 saltlings (Desolation)
  A hornet (shapeshifter) (D:12)
  8 polar bears
  A wind drake (Lair:6)
  22 slime creatures
  9 dream sheep (Lair:6)
  4 blink frogs (Lair:6)
  15 bog bodies
  Sigmund (D:2)
  10 hippogriffs
  73 redbacks
  2 vampires
  59 yaks
  10 spriggans
  7 wyverns
  A shadow (Swamp:4)
  3 basilisks
  28 tarantellas
  A wraith (D:13)
  A golden eye (Gauntlet)
  A chaos spawn (Gauntlet)
  2 hungry ghosts
  A neqoxec (Gauntlet)
  25 vampire mosquitoes
  2 wargs
  9 insubstantial wisps (Swamp:1)
  21 swamp worms
  A floating eye (Gauntlet)
  15 water moccasins
  A porcupine (Lair:1)
  2 black bears
  14 swamp drakes
  11 ice beasts
  3 sky beasts
  7 necrophages
  17 ogres
  7 wolves
  11 centaurs
  23 orc warriors
  16 crocodiles
  21 bullfrogs
  7 big kobolds
  A gnoll sergeant (D:9)
  A wyvern zombie (D:10)
  A water moccasin zombie (D:8)
  5 scorpions
  7 wights
  24 killer bees
  A howler monkey (D:5)
  6 electric eels
  8 crimson imps
  7 centaur zombies
  3 bullfrog skeletons
  2 jellies
  21 orc wizards
  13 orc priests
  18 hounds
  A gnoll shaman (D:8)
  Jessica (D:2)
  2 iguanas
  Ijyb (D:3)
  7 worker ants
  A hound zombie (D:8)
  2 mummies (D:8)
  3 worker ant zombies
  13 gnolls
  13 adders
  3 river rats (Sewer)
  2 shadow imps
  7 oozes
  An adder skeleton (D:7)
  9 worms
  A dart slug (D:2)
  3 leopard geckos
  58 orcs
  11 bats
  4 giant cockroaches
  11 goblins
  3 hobgoblins
  A jackal (D:9)
  17 kobolds
  7 quokkas
  5 ball pythons (Sewer)
  5 frilled lizards
  2 jackal zombies
  A leopard gecko skeleton (D:6)
  A quokka skeleton (D:6)
  7 rats
  A fungus (D:5)
1118 creatures vanquished.

Vanquished Creatures (collateral kills)
  An emperor scorpion (Spider:1)
  An ironheart preserver (D:13)
  A shambling mangrove (Swamp:3)
  A death knight (D:13)
  2 ogre magi (Orc:2)
  9 two-headed ogres
  A tengu warrior (D:15)
  2 skeletal warriors (D:15)
  An unseen horror (D:13)
  3 wolf spiders
  A centaur zombie (D:15)
  A centaur skeleton (D:13)
  2 demonic crawlers (Spider:1)
  2 jumping spiders
  3 hornets
  2 redbacks (Spider:1)
  A tarantella (Spider:4)
  A spriggan (Swamp:1)
  11 orc warriors
  16 ogres
  A tengu (shapeshifter) (D:15)
  A necrophage (D:8)
  A centaur (D:13)
  A big kobold (D:13)
  A hound (D:13)
  An orc priest (Orc:2)
  5 gnolls
  15 orcs
  A goblin (D:8)
  A quokka skeleton (D:4)
90 creatures vanquished.

Vanquished Creatures (others)
  An emperor scorpion (Spider:4)
  A hydra (Swamp:4)
  A two-headed ogre (Orc:2)
  A swamp dragon (Swamp:1)
  2 wolf spiders (Spider:4)
  8 dancing weapons
  A jumping spider (Spider:4)
  A spriggan (Swamp:4)
  A tarantella (Spider:4)
  A swamp worm (Swamp:4)
  A slave (D:9)
  An ogre (Orc:2)
  An electric eel (D:11)
  A crimson imp (D:11)
  An orc wizard (D:11)
  An orc (D:11)
  3 jackals (D:9)
  3 blocks of ice
  2 bushes (Lair:6)
  3 demonic plants (Gauntlet)
  17 fungi
  16 plants
68 creatures vanquished.

Grand Total: 1276 creatures vanquished

Notes
Turn   | Place    | Note
-------+----------+-------------------------------------------
     0 | D:1      | MrRokkomies the Spriggan Enchanter began the quest for the
                  | Orb.
     0 | D:1      | Reached XP level 1. HP: 9/9 MP: 5/5
   349 | D:1      | You fall into a shaft and drop 1 floor!
   535 | D:1      | Reached XP level 2. HP: 13/13 MP: 6/6
   539 | D:1      | Learned a level 2 spell: Ensorcelled Hibernation
   599 | D:1      | Reached skill level 4 in Hexes
  1642 | D:2      | Reached XP level 3. HP: 16/16 MP: 8/8
  1663 | D:2      | Noticed Sigmund
  1728 | D:1      | Learned a level 3 spell: Confuse
  1994 | D:2      | Noticed Jessica
  2013 | D:2      | Killed Jessica
  2194 | D:2      | Killed Sigmund
  2194 | D:2      | Reached skill level 5 in Hexes
  2194 | D:2      | Reached XP level 4. HP: 21/21 MP: 3/9
  2194 | D:2      | Reached XP level 5. HP: 24/24 MP: 3/10
  2456 | D:2      | Learned a level 3 spell: Tukima's Dance
  2742 | D:3      | Found a faded altar of an unknown god.
  2794 | D:3      | Reached XP level 6. HP: 15/28 MP: 7/11
  2836 | D:3      | Found a sparkling altar of Nemelex Xobeh.
  3218 | D:3      | Reached skill level 5 in Dodging
  3218 | D:3      | Reached skill level 6 in Hexes
  3590 | D:3      | Noticed Ijyb
  3647 | D:3      | Killed Ijyb
  4164 | D:4      | Reached skill level 5 in Short Blades
  4192 | D:4      | Reached skill level 5 in Stealth
  4304 | D:4      | Reached XP level 7. HP: 29/32 MP: 0/12
  4481 | D:4      | Reached skill level 7 in Hexes
  4534 | D:4      | Found a glowing drain.
  4543 | Sewer    | Entered a sewer
  5418 | D:4      | Found a stormy altar of Qazlal.
  5495 | D:4      | Reached XP level 8. HP: 36/36 MP: 13/13
  5518 | D:4      | Reached skill level 8 in Hexes
  5679 | D:5      | Entered Level 5 of the Dungeon
  6280 | D:5      | Reached skill level 9 in Hexes
  7082 | D:6      | Reached XP level 9. HP: 39/39 MP: 4/14
  7156 | D:6      | Got a scorched dagger
  7157 | D:6      | Identified the +5 dagger of the Imperium {freeze, rF+ rN+}
                  | (You found it on level 6 of the Dungeon)
  7360 | D:6      | Found a shimmering blue altar of Sif Muna.
  7368 | D:6      | Became a worshipper of Sif Muna the Loreminder
  7425 | D:6      | Found a staircase to the Ecumenical Temple.
  7437 | D:6      | Reached skill level 10 in Hexes
  8117 | D:7      | Reached skill level 11 in Hexes
  8138 | D:7      | Reached * piety under Sif Muna
  8646 | D:7      | Reached skill level 1 in Invocations
  8680 | D:7      | Reached skill level 10 in Short Blades
  8680 | D:7      | Reached XP level 10. HP: 44/44 MP: 4/15
  8702 | D:7      | Reached skill level 10 in Stealth
  8935 | D:8      | Reached skill level 1 in Fighting
  8955 | D:8      | Found a flagged portal.
  8978 | Bailey   | Entered a bailey
  8980 | Bailey   | Noticed an orc knight
  9022 | Bailey   | Killed an orc knight
  9152 | Bailey   | Reached skill level 12 in Hexes
  9378 | Bailey   | Reached ** piety under Sif Muna
  9388 | Bailey   | Got a shimmering tin ring
  9393 | Bailey   | Identified the ring of Riq Lyg {*Drain rElec rC++ MR-
                  | Int+4} (You found it in a bailey)
 10039 | D:8      | Found a bloodstained altar of Trog.
 10129 | D:9      | Noticed Pikel
 10130 | D:9      | Noticed Erolcha
 10245 | D:9      | Noticed Prince Ribbit
 10255 | D:9      | Killed Prince Ribbit
 10713 | D:9      | Noticed Joseph
 10720 | D:9      | Killed Joseph
 10819 | D:9      | Reached *** piety under Sif Muna
 10843 | D:9      | Noticed Maurice
 10847 | D:9      | Killed Maurice
 10847 | D:9      | Reached XP level 11. HP: 36/52 MP: 16/16
 11061 | D:9      | Noticed Erica
 11068 | D:9      | Killed Erica
 11068 | D:9      | Reached skill level 5 in Fighting
 11135 | D:9      | Killed Pikel
 11135 | D:9      | Reached skill level 5 in Invocations
 11248 | D:9      | Noticed a two-headed ogre
 11259 | D:9      | Killed a two-headed ogre
 11509 | D:9      | Killed Erolcha
 11526 | D:10     | Entered Level 10 of the Dungeon
 11537 | D:10     | Found an opulent altar of Gozag.
 11766 | D:10     | Noticed Gastronok
 11780 | D:10     | Killed Gastronok
 11864 | D:10     | Reached **** piety under Sif Muna
 12163 | D:10     | Found Lodust's Book Shoppe.
 12166 | D:10     | Bought a book of Cantrips for 280 gold pieces
 12168 | D:10     | Learned a level 1 spell: Confusing Touch
 12212 | D:10     | Noticed a two-headed ogre
 12232 | D:10     | Killed a two-headed ogre
 12293 | D:10     | Noticed a skeletal warrior
 12534 | D:9      | Reached XP level 12. HP: 21/59 MP: 14/19
 14239 | D:11     | Noticed a two-headed ogre
 14267 | D:11     | Killed a two-headed ogre
 14381 | D:11     | Noticed a four-headed hydra
 14395 | D:11     | HP: 3/61 [four-headed hydra (15)]
 14676 | D:11     | Killed a four-headed hydra
 15092 | D:11     | Found a staircase to the Lair.
 15164 | D:11     | Reached skill level 10 in Invocations
 15677 | D:11     | Found Gideunkorin's General Store.
 15687 | D:11     | Found a shattered altar of Ashenzari.
 15858 | Lair:1   | Entered Level 1 of the Lair of Beasts
 16029 | Lair:1   | Reached ***** piety under Sif Muna
 16029 | Lair:1   | Identified Sif Muna's Volume of Conjuration and Earth (Sif
                  | Muna gifted it to you on level 1 of the Lair of Beasts)
 16029 | Lair:1   | Received a gift from Sif Muna
 16242 | Lair:1   | Noticed Harold
 16251 | Lair:1   | Killed Harold
 16738 | Lair:2   | Reached XP level 13. HP: 68/68 MP: 17/22
 16813 | Lair:2   | Reached skill level 10 in Fighting
 17051 | Lair:2   | Found a hole to the Spider Nest.
 17105 | Lair:2   | Found a staircase to the Swamp.
 17776 | Lair:2   | Noticed Sonja
 17780 | Lair:2   | Killed Sonja
 18357 | Lair:3   | Noticed Snorg
 18364 | Lair:3   | Killed Snorg
 19078 | Lair:4   | Found a gate leading to a gauntlet.
 19112 | Gauntlet | Entered a Gauntlet
 19112 | Gauntlet | Found a transporter.
 19112 | Gauntlet | Found a transporter.
 19112 | Gauntlet | Found a transporter.
 19112 | Gauntlet | Found a transporter.
 19132 | Gauntlet | Found a transporter.
 19142 | Gauntlet | Found a transporter.
 19143 | Gauntlet | Found the ring of Phasing {EV+8}
 19146 | Gauntlet | Found a transporter.
 19158 | Gauntlet | Found a transporter.
 19169 | Gauntlet | Found the brooch of Shielding {Reflect SH+8}
 19178 | Gauntlet | Found a transporter.
 19183 | Gauntlet | Found a transporter.
 19187 | Gauntlet | Found a transporter.
 19197 | Gauntlet | Found a transporter.
 19530 | Gauntlet | Got a translucent ivory ring
 19538 | Gauntlet | Identified the ring of Ephemeral Luck {Ice rElec MR+ Str+3
                  | Int-2} (You found it in a Gauntlet)
 19581 | Gauntlet | Paralysed by a floating eye for 3 turns
 19627 | Gauntlet | Identified Maen's Volume of Conjuration (Sif Muna gifted it
                  | to you in a Gauntlet)
 19627 | Gauntlet | Received a gift from Sif Muna
 19676 | Gauntlet | Identified the cursed +2 morningstar of True Grit {flame,
                  | rF+ Str+2 Int+3 SInv}
 19676 | Gauntlet | Identified the +5 shield "Vofol" {rF++ rCorr Stlth-}
 19676 | Gauntlet | Noticed a minotaur
 19707 | Gauntlet | Killed a minotaur
 19794 | Lair:4   | Reached skill level 10 in Dodging
 19987 | Lair:4   | Reached skill level 5 in Spellcasting
 20119 | Lair:4   | Found a transporter.
 20120 | Lair:4   | Noticed iamserjio's ghost (journeyman OpIE)
 20132 | Lair:4   | Found a transporter.
 20844 | Lair:5   | Reached XP level 14. HP: 77/77 MP: 24/24
 21260 | Lair:6   | Entered Level 6 of the Lair of Beasts
 21482 | Lair:6   | Found a staircase to the Slime Pits.
 21483 | Lair:6   | Found a viscous altar of Jiyva.
 21843 | Lair:6   | Identified Falusm's Incunabulum of the Damaging Escort (Sif
                  | Muna gifted it to you on level 6 of the Lair of Beasts)
 21843 | Lair:6   | Received a gift from Sif Muna
 22628 | Lair:6   | Reached skill level 1 in Slings
 23590 | D:10     | Bought a book of Party Tricks for 700 gold pieces
 23597 | D:10     | Learned a level 6 spell: Invisibility
 23603 | D:10     | Learned a level 5 spell: Alistair's Intoxication
 23629 | D:12     | Noticed Nergalle
 23638 | D:12     | Killed Nergalle
 23638 | D:12     | Reached skill level 13 in Hexes
 23708 | D:12     | Found a transporter.
 23712 | D:12     | Found a bloodstained altar of Trog.
 23712 | D:12     | Found a transporter.
 23720 | D:12     | Identified the +4 broad axe of Mit Izat {protect, Int+7
                  | Stlth-}
 23721 | D:12     | Noticed Baesupag's ghost (journeyman DrCj)
 23722 | D:12     | Identified the +8 flail of Valiance {flame, rElec}
 23742 | D:12     | Found Secwarr's General Store.
 23783 | D:12     | Noticed Frances
 23791 | D:12     | Killed Frances
 23791 | D:12     | Reached skill level 10 in Spellcasting
 23960 | D:12     | Reached skill level 1 in Transmutations
 24057 | D:12     | Found a staircase to the Orcish Mines.
 24383 | Orc:1    | Entered Level 1 of the Orcish Mines
 24400 | Orc:1    | Identified Sif Muna's Guide on Captivating Transformation
                  | (Sif Muna gifted it to you on level 1 of the Orcish Mines)
 24400 | Orc:1    | Received a gift from Sif Muna
 24488 | Orc:2    | Entered Level 2 of the Orcish Mines
 24840 | Orc:2    | Found a staircase to the Elven Halls.
 25411 | Orc:2    | Found Nuisaose's Armour Emporium.
 25413 | Orc:2    | Found Uxzy's Antique Weapon Boutique.
 25465 | Orc:2    | Reached XP level 15. HP: 72/80 MP: 28/30
 25562 | D:13     | Identified Viytoysy's Compendium of Clay and Summoning (Sif
                  | Muna gifted it to you on level 13 of the Dungeon)
 25562 | D:13     | Received a gift from Sif Muna
 25630 | D:13     | Reached skill level 5 in Slings
 25661 | D:13     | Reached skill level 14 in Hexes
 25661 | D:13     | Reached skill level 5 in Transmutations
 25671 | D:13     | Found a frozen archway.
 25680 | IceCv    | Entered an ice cave
 26181 | D:13     | Found a blossoming altar of Fedhas.
 26287 | D:13     | Found a gate to the Vaults.
 26624 | D:13     | Noticed Nessos
 26664 | D:13     | Killed Nessos
 26790 | D:13     | Reached skill level 1 in Poison Magic
 27359 | Orc:2    | Identified Ohacet's Guide on Execration (Sif Muna gifted it
                  | to you on level 2 of the Orcish Mines)
 27359 | Orc:2    | Received a gift from Sif Muna
 27544 | Orc:2    | Found Reuwkuoq's Book Emporium.
 27562 | Orc:2    | Found Ywituh's General Store.
 27570 | Orc:2    | Bought a ration for 65 gold pieces
 27570 | Orc:2    | Bought a scroll of enchant armour for 97 gold pieces
 27570 | Orc:2    | Bought a ration for 65 gold pieces
 27570 | Orc:2    | Bought a ration for 65 gold pieces
 27580 | Orc:2    | Bought a book of Minor Magic for 240 gold pieces
 27580 | Orc:2    | Bought a book of Enchantments for 600 gold pieces
 27589 | Orc:2    | Learned a level 8 spell: Discord
 27592 | Orc:2    | Learned a level 2 spell: Blink
 27690 | Orc:2    | Found Vetwel's Magic Scroll Emporium.
 27693 | Orc:2    | Bought 2 scrolls of teleportation for 66 gold pieces
 27720 | Orc:2    | Bought a runed hunting sling for 126 gold pieces
 27859 | D:14     | Reached skill level 15 in Hexes
 28257 | D:14     | Upgraded the game from 0.25-a0-100-g33052ceff8 to
                  | 0.25-a0-105-g2289b3b9f1
 28371 | D:15     | Entered Level 15 of the Dungeon
 28379 | D:15     | Found a staircase to the Depths.
 29099 | D:15     | Reached skill level 5 in Poison Magic
 29102 | D:15     | Learned a level 1 spell: Summon Butterflies
 29268 | D:15     | Found a runed translucent gate.
 29268 | D:15     | Found a runed translucent gate.
 29268 | D:15     | Found a runed translucent gate.
 29268 | D:15     | Noticed Kafito's ghost (journeyman GrEE)
 29347 | D:15     | Learned a level 3 spell: Ignite Poison
 29486 | Spider:1 | Entered Level 1 of the Spider Nest
 29489 | Spider:1 | You fall into a shaft and drop 1 floor!
 29516 | Spider:2 | Reached skill level 1 in Summonings
 29570 | Spider:2 | Noticed Arachne
 29623 | Spider:2 | Noticed a ghost moth
 29652 | Spider:2 | Killed Arachne
 29652 | Spider:2 | Reached XP level 16. HP: 34/85 MP: 0/31
 29925 | Spider:1 | Identified Sif Muna's Tome of Displacement and
                  | Transmigration (Sif Muna gifted it to you on level 1 of the
                  | Spider Nest)
 29925 | Spider:1 | Received a gift from Sif Muna
 29934 | Spider:1 | Reached skill level 16 in Hexes
 31463 | Spider:3 | Received a gift from Sif Muna
 31577 | Spider:3 | Reached skill level 5 in Summonings
 32233 | Spider:3 | Reached skill level 17 in Hexes
 32531 | Spider:4 | Entered Level 4 of the Spider Nest
 32731 | Spider:4 | Identified Sif Muna's Reference Book on Sinister Magic and
                  | Talismans (Sif Muna gifted it to you on level 4 of the
                  | Spider Nest)
 32731 | Spider:4 | Received a gift from Sif Muna
 33270 | Spider:4 | Reached skill level 10 in Slings
 33611 | Spider:4 | Reached XP level 17. HP: 89/89 MP: 25/32
 34076 | Spider:4 | Got a gossamer rune of Zot
 34378 | Swamp:1  | Entered Level 1 of the Swamp
 34616 | Swamp:1  | Found a hazy altar of Hepliaklqana.
 34660 | Swamp:1  | Reached skill level 18 in Hexes
 35033 | Lair:2   | Learned a level 5 spell: Borgnjor's Vile Clutch
 35218 | Swamp:1  | Identified Sif Muna's Incunabulum of Boosting Necromancy
                  | (Sif Muna gifted it to you on level 1 of the Swamp)
 35218 | Swamp:1  | Received a gift from Sif Muna
 35291 | Swamp:1  | Reached skill level 1 in Necromancy
 36225 | Swamp:2  | Reached skill level 1 in Shields
 37232 | Swamp:3  | Noticed Louise
 37236 | Swamp:3  | Killed Louise
 37570 | Swamp:4  | Entered Level 4 of the Swamp
 37570 | Swamp:4  | Noticed Aizul
 37706 | Swamp:4  | Noticed Nikola
 37758 | Swamp:3  | Killed Nikola
 37758 | Swamp:3  | Reached skill level 19 in Hexes
 37758 | Swamp:3  | Reached skill level 5 in Necromancy
 37862 | Swamp:3  | Killed Aizul
 37934 | Swamp:4  | Identified Sif Muna's Catalogue of Weightlessness and
                  | Conjuration (Sif Muna gifted it to you on level 4 of the
                  | Swamp)
 37934 | Swamp:4  | Received a gift from Sif Muna
 38782 | Swamp:4  | Reached XP level 18. HP: 93/93 MP: 22/33
 39335 | Swamp:4  | Got a decaying rune of Zot
 39901 | Vaults:1 | Entered Level 1 of the Vaults
 39901 | Vaults:1 | Found a ruined gateway.
 39909 | Desolati | Entered the Desolation of Salt
 40027 | Desolati | Slain by a saltling

Levels and vault maps discovered:
D:1:      eino_arrival_water_cross, layout_basic, chequers_garden
D:2:      layout_basic, uniq_sigmund, uniq_jessica
D:3:      kennysheep_the_goblin_king, layout_rooms,
          nicolae_overflow_hidden_temple, chequers_ecumenical_altar_grove,
          nemelex_altar_shiori
D:4:      layout_basic, cheibrodos_sewer_entry_drain, first_ration,
          nicolae_qazlal_general_emergency
D:5:      old_forge, layout_cave_pools
D:6:      layout_loops_ring, minmay_temple_entry_drinking_statues, basic_altar
D:7:      layout_loops_ring, the_bakery, minmay_puff
D:8:      layout_cave_pools, nicolae_overflow_crystal_walls, serial_undead,
          serial_undead_f, serial_undead_e, serial_undead_e, serial_undead_e,
          serial_undead_d, serial_undead_d, enter_bailey_7
D:9:      layout_basic, statue_in_the_mist_lemuel, uniq_erica,
          uniq_prince_ribbit1, uniq_maurice, uniq_erolcha, uniq_pikel,
          uniq_joseph
D:10:     layout_cross, serial_shops, kennysheep_mini, basic_altar,
          minmay_starry_boxes, uniq_gastronok
D:11:     layout_rooms, erik_lair_island, serial_shops, shop, basic_altar
D:12:     layout_basic, orc_0_dummy, gammafunk_ghost_wrathful_warriors,
          serial_shops, nicolae_shop_statue_plus, uniq_frances, uniq_nergalle
D:13:     hourglass_vault, layout_cave_pools, skrybe_vaults_entry_preservation,
          portal_ice_cave_entry_pillars_1, fedhas_altar_3, uniq_nessos
D:14:     layout_rooms, serial_park_gazebo [serial_park_minivault_5x5_3]
D:15:     hangedman_depths_entry_try_elsewhere_first, layout_rooms,
          gammafunk_ghost_necromancy, minmay_misc_feat_alley,
          kennysheep_pointless_box
Lair:1:   layout_cave_pods, minmay_stone_trees_small, st_stairs_4, minivault_26,
          uniq_harold
Lair:2:   layout_roguey, nicolae_swamp_entry_splash_gauntlet,
          nicolae_spider_entry_tight_spaces, uniq_sonja
Lair:3:   layout_chaotic_city, serial_bayou_crossing, uniq_snorg
Lair:4:   beast_lair_carwin_large_1, layout_regular_city,
          gammafunk_ghost_berserking_beasts, gauntlet_entry_generic
Lair:5:   layout_regular_city
Lair:6:   gammafunk_lair_ancient_temple, layout_regular_city, slime_altar_1
Swamp:1:  layout_falls_marsh, basic_altar
Swamp:2:  layout_falls_marsh, evilmike_swamp_ruin_house_2, swamp_pool1,
          nicolae_swamp_alligator_family
Swamp:3:  layout_basic_swamp, evilmike_swamp_ruin_rubble_2, swamp_pool4,
          uniq_louise
Swamp:4:  swamp_alternative, layout_basic_swamp, swamp_pool3,
          hangedman_swamp_lotus, evilmike_swamp_ruin_house_5,
          hangedman_swamp_pad, uniq_aizul, uniq_nikola
Spider:1: layout_spider_delve
Spider:2: layout_spider_delve, drop_trap, spiders_nest_hornet_nest, uniq_arachne
Spider:3: mumra_spider_spiderweb
Spider:4: grunt_spider_rune_parallel, drop_trap
Orc:1:    layout_caves
Orc:2:    st_orc_open, layout_diamond_mine, serial_shops,
          nicolae_shop_behind_doors
Vaults:1: v_misc_25, hangedman_vaults_pinch, v_misc_22, v_misc_11,
          nicolae_vaults_little_squares_3, hangedman_vaults_capsules, v_rooms_4,
          v_misc_29, nicolae_vaults_meeting, layout_vaults_omnicross,
          portal_desolation_entry_garden
Desolation

Skill      XL: |  1  2  3  4  5  6  7  8  9 10 11 12 13 14 15 16 17 18 |
---------------+-------------------------------------------------------+-----
Hexes          | 4 5 6 7 9 11 12 13 15 17 19 | 19.7
Short Blades   | 2 4 5 6 8 10 | 10.0
Dodging        | 4 5 11 12 | 12.7
Stealth        | 5 6 8 9 10 12 13 | 13.5
Invocations    | 1 4 8 11 12 | 12.0
Fighting       | 4 7 9 10 | 10.0
Spellcasting   | 6 10 | 10.1
Slings         | 4 7 10 11 | 11.0
Transmutations | 4 7 |  7.0
Poison Magic   | 5 |  5.0
Summonings     | 2 6 7 |  7.3
Necromancy     | 6 7 |  7.0
Shields        | 2 3 |  3.5

Action                   |  1- 3 |  4- 6 |  7- 9 | 10-12 | 13-15 | 16-18 || total
-------------------------+-------+-------+-------+-------+-------+-------++-------
Melee: Dagger            |   112 |   183 |   548 |   697 |  1777 |  1121 ||  4438
       Rapier            |       |       |       |       |       |   303 ||   303
 Fire: Hunting sling     |       |       |       |       |       |    97 ||    97
Throw: Dart              |       |     1 |    42 |    33 |    18 |    48 ||   142
       Stone             |       |       |       |    10 |       |       ||    10
 Cast: Corona            |     4 |       |       |       |       |       ||     4
       Ensorcelled Hiber |     8 |    25 |    96 |    96 |   207 |   181 ||   613
       Confuse           |     2 |     3 |    18 |    61 |    52 |    98 ||   234
       Tukima's Dance    |       |     7 |     9 |    30 |    65 |     1 ||   112
       Confusing Touch   |       |       |       |     7 |    66 |    69 ||   142
       Invisibility      |       |       |       |       |     4 |     6 ||    10
       Alistair's Intoxi |       |       |       |       |       |     4 ||     4
       Summon Horrible T |       |       |       |       |       |     2 ||     2
       Discord           |       |       |       |       |       |     1 ||     1
       Blink             |       |       |       |       |       |     8 ||     8
       Glaciate          |       |       |       |       |       |     3 ||     3
Invok: Channel Magic     |       |       |       |       |       |     4 ||     4
       Divine Exegesis   |       |       |       |       |       |     5 ||     5
       Forget Spell      |       |       |       |       |       |     1 ||     1
Evoke: Wand              |       |       |       |     1 |     8 |     1 ||    10
  Use: Scroll            |     4 |     4 |     5 |    11 |    19 |    12 ||    55
       Potion            |       |       |       |     3 |     8 |    10 ||    21
 Stab: Sleeping          |    13 |    14 |    48 |    83 |   179 |   162 ||   499
       Confused          |     2 |     2 |    16 |    36 |    89 |   128 ||   273
       Distracted        |       |     1 |     3 |     2 |     8 |     4 ||    18
       Held in net/web   |       |       |     2 |       |       |     1 ||     3
       Invisible         |       |       |       |       |    49 |    53 ||   102
  Eat: Ration            |       |     2 |     6 |    11 |    10 |    10 ||    39
Armor: Robe              |     6 |    12 |    41 |    46 |     5 |       ||   110
       Troll leather arm |       |       |       |       |    90 |    89 ||   179
Dodge: Dodged            |    80 |   136 |   344 |   446 |  1165 |  1170 ||  3341
Block: Other             |       |       |       |     7 |   393 |   248 ||   648
       Reflection        |       |       |       |       |     6 |     7 ||    13
       Buckler           |       |       |       |       |       |   389 ||   389

Table legend:
 A = Non-vault XP
 B = Vault XP
 C = Vault XP percentage of total XP
 D = Non-vault monster count
 E = Vault monster count
 F = Vault count percentage of total count
                 A         B        C        D         E       F
            +---------+---------+-------+---------+---------+-------
      Total |  188438 |  120945 |  39.1 |     856 |     359 |  29.5
            +---------+---------+-------+---------+---------+-------
        D:1 |      34 |       0 |   0.0 |      18 |       0 |   0.0
        D:2 |      31 |     279 |  90.0 |      10 |       2 |  16.7
        D:3 |     139 |      47 |  25.3 |      21 |       7 |  25.0
        D:4 |     635 |      12 |   1.9 |      20 |       3 |  13.0
        D:5 |     674 |     319 |  32.1 |      16 |       9 |  36.0
        D:6 |     909 |       0 |   0.0 |      32 |       0 |   0.0
        D:7 |    1828 |     507 |  21.7 |      27 |       6 |  18.2
        D:8 |     690 |     634 |  47.9 |      16 |      12 |  42.9
        D:9 |    4733 |    3699 |  43.9 |      50 |       6 |  10.7
       D:10 |    7122 |    3335 |  31.9 |      34 |       8 |  19.0
       D:11 |    4038 |     486 |  10.7 |      27 |       5 |  15.6
       D:12 |    4547 |    3279 |  41.9 |      28 |       2 |   6.7
       D:13 |    7562 |    7242 |  48.9 |      35 |      19 |  35.2
       D:14 |    3664 |     747 |  16.9 |      21 |       4 |  16.0
       D:15 |    9024 |    2101 |  18.9 |      24 |       3 |  11.1
     Lair:1 |    4452 |    1207 |  21.3 |      19 |       3 |  13.6
     Lair:2 |    5111 |    4436 |  46.5 |      26 |      16 |  38.1
     Lair:3 |    1989 |    1129 |  36.2 |      11 |       1 |   8.3
     Lair:4 |    6751 |    2695 |  28.5 |      23 |      10 |  30.3
     Lair:5 |    2454 |       0 |   0.0 |       6 |       0 |   0.0
     Lair:6 |   14361 |    7556 |  34.5 |      45 |      23 |  33.8
    Swamp:1 |   13051 |       0 |   0.0 |      47 |       0 |   0.0
    Swamp:2 |   19583 |       0 |   0.0 |      47 |       0 |   0.0
    Swamp:3 |   10469 |    7516 |  41.8 |      27 |       3 |  10.0
    Swamp:4 |   14594 |   16000 |  52.3 |      39 |      28 |  41.8
   Spider:1 |   12725 |       0 |   0.0 |      35 |       0 |   0.0
   Spider:2 |   10830 |    3536 |  24.6 |      27 |       1 |   3.6
   Spider:3 |   14217 |    6711 |  32.1 |      41 |      26 |  38.8
   Spider:4 |    7204 |   24161 |  77.0 |      18 |      54 |  75.0
      Orc:1 |    3177 |       0 |   0.0 |      25 |       0 |   0.0
      Orc:2 |    1840 |   10758 |  85.4 |      41 |      36 |  46.8
      Sewer |       0 |     411 | 100.0 |       0 |      28 | 100.0
     Bailey |       0 |    1786 | 100.0 |       0 |      18 | 100.0
      IceCv |       0 |    3319 | 100.0 |       0 |      11 | 100.0
 Desolation |       0 |    3138 | 100.0 |       0 |       7 | 100.0
   Gauntlet |       0 |    3899 | 100.0 |       0 |       8 | 100.0
            +---------+---------+-------+---------+---------+-------
